 Seeded DCSS version 0.30-a0-743-gbfdf073431 (webtiles) character file.

Game seed: 5430720872467839093 (custom seed)

628 hbarley the Chopper (level 7, -10/61 HPs)
             Began as a Hill Orc Fighter on Feb 5, 2023.
             Was a Priest of Uskayaw.
             Mangled by a two-headed ogre
             ... wielding a +0 giant spiked club
              (15 damage)
             ... on level 5 of the Dungeon.
             The game lasted 00:07:45 (3785 turns).

hbarley the Chopper (Hill Orc Fighter)              Turns: 3785, Time: 00:07:46

Health: -10/61     AC:  8    Str: 25    XL:     7   Next: 48%
Magic:  7/8        EV: 10    Int:  8    God:    Uskayaw [***...]
Gold:   136        SH:  8    Dex: 14    Spells: 6/6 levels left

rFire   + . .      SeeInvis +    a - +0 war axe
rCold   + . .      Faith    .    u - +3 buckler of Jumaic {Str+2 Dex+2}
rNeg    . . .      Spirit   .    b - +0 scale mail
rPois   +          Reflect  .    (no helmet)
rElec   +          Harm     .    v - +0 cloak of Discretion {rElec rCorr Str+2}
rCorr   +          Rampage  .    (no gloves)
Will    .....                    (no boots) Stlth
                                 (no amulet)
HPRegen 0.30/turn                s - ring "Egynn" {rPois rF+ rC+ rCorr SInv}
MPRegen 0.11/turn                t - ring "Buti" {rCorr Str+2}

@: studying Fighting
A: no striking features
a: Renounce Religion, Stomp, Line Pass


You were on level 5 of the Dungeon.
You worshipped Uskayaw.
Uskayaw was noncommittal.
You visited 2 branches of the dungeon, and saw 6 of its levels.

You collected 164 gold pieces.
You spent 28 gold pieces at shops.

Inventory:

Hand Weapons
 a - a +0 war axe (weapon)
Missiles
 E - 4 poisoned darts (quivered)
Armour
 b - a +0 scale mail (worn)
 c - a +0 buckler
 u - the +3 buckler of Jumaic (worn) {Str+2 Dex+2}
   (You acquired it on level 2 of the Dungeon)

   Str:       It affects your strength (+2).
   Dex:       It affects your dexterity (+2).
 v - the +0 cloak of Discretion (worn) {rElec rCorr Str+2}
   (You acquired it on level 2 of the Dungeon)

   Str:       It affects your strength (+2).
   rElec:     It insulates you from electricity.
   rCorr:     It protects you from acid and corrosion.
Jewellery
 m - a +6 ring of strength
 q - a ring of protection from cold
 s - the ring "Egynn" (left hand) {rPois rF+ rC+ rCorr SInv}
   (You acquired it on level 2 of the Dungeon)

   [ring of protection from fire]

   rF:        It protects you from fire.
   rC:        It protects you from cold.
   rPois:     It protects you from poison.
   SInv:      It lets you see invisible.
   rCorr:     It protects you from acid and corrosion.
 t - the ring "Buti" (right hand) {rCorr Str+2}
   (You acquired it on level 2 of the Dungeon)

   [ring of resist corrosion]

   Str:       It affects your strength (+2).
   rCorr:     It protects you from acid and corrosion.
 G - a ring of positive energy
Wands
 w - a wand of mindburst (13)
 F - a wand of roots (5)
Scrolls
 f - a scroll of torment {unknown}
 g - 3 scrolls of amnesia {unknown}
 h - 3 scrolls of identify
 i - 2 scrolls of noise {unknown}
 l - 2 scrolls of teleportation {unknown}
 n - a scroll of brand weapon {unknown}
 o - a scroll of fog {unknown}
 p - a scroll of immolation {unknown}
 r - 2 scrolls of enchant armour {unknown}
 B - a scroll of silence {unknown}
 C - a scroll of poison {unknown}
 H - a scroll of butterflies {unknown}
 I - a scroll of blinking {unknown}
Potions
 d - a potion of might
 e - a potion of mutation {unknown}
 j - 2 potions of attraction {unknown}
 k - 3 potions of curing {unknown}
 x - a potion of ambrosia {unknown}
 z - 2 potions of lignification {unknown}
 A - a potion of degeneration {unknown}
 D - 2 potions of berserk rage {unknown}


   Skills:
 + Level 5.5 Fighting
 + Level 7.1 Axes
 + Level 4.6 Armour
 + Level 1.0 Dodging
 + Level 4.7 Shields
 * Level 2.0 Invocations


You had 6 spell levels left.
You didn't know any spells.
Your spell library was empty.

Dungeon Overview and Level Annotations

Branches:
Dungeon (5/15)             Temple (1/1) D:4

Altars:
Cheibriados
Dithmenos
Hepliaklqana
Okawaru
Uskayaw
Vehumet
Xom
Zin
The Shining One

Shops:
D:2 ?

Annotations:
D:4 1 runed translucent door, drewk1942's ghost, amateur GnWn


Message History

You barely miss the scorpion. You hit the ufetubus.
You hit the two-headed ogre but do no damage.
You block the ufetubus's attack.
The ufetubus hits you but does no damage.
You block the two-headed ogre's attack.
The two-headed ogre hits you with a +0 giant club!
The scorpion stings you but does no damage.
The ufetubus barely misses you. x2
You can now pass through a line of other dancers.
You hit the two-headed ogre.
The two-headed ogre is moderately wounded.
You miss the ufetubus. You hit the scorpion but do no damage.
The two-headed ogre looks more healthy.
You block the ufetubus's attack. The ufetubus hits you.
You block the scorpion's attack. The two-headed ogre closely misses you.
The two-headed ogre misses you.
You hit the two-headed ogre but do no damage.
The two-headed ogre is moderately wounded.
You slash the ufetubus!
You kill the ufetubus!
You hit the scorpion but do no damage. The scorpion misses you.
You block the scorpion's attack.
The two-headed ogre hits you with a +0 giant spiked club!
The two-headed ogre hits you with a +0 giant club!!
* * * LOW HITPOINT WARNING * * *
You hit the two-headed ogre.
The two-headed ogre is moderately wounded.
You slash the scorpion! The scorpion stings you.
* * * LOW HITPOINT WARNING * * *
Uskayaw will force your foes to helplessly watch your dance.
Uskayaw prepares the audience for your solo!
The helpless two-headed ogre fails to defend itself.
You slash the two-headed ogre!
The two-headed ogre is moderately wounded.
The helpless scorpion fails to defend itself.
You slash the scorpion!
You kill the scorpion!
The two-headed ogre is no longer paralysed.
You block the two-headed ogre's attack.
The two-headed ogre hits you with a +0 giant club!
You die...

#### ##..##
....# #...#
#...#
######...#
........<#
#######.##.#.##
.......@O......
#######.†(...#.
#........
.........
..#.<....
...#......
.#.#......
...........


You could see a two-headed ogre.

Vanquished Creatures
  Blork the orc (D:4)
  2 scorpions
  A necrophage (D:2)
  2 orc priests
  A hound (D:5)
  An iguana (D:4)
  4 orc wizards
  9 gnolls
  4 adders
  A white imp (D:4)
  An ufetubus (D:5)
  3 worms (D:4)
  A dart slug (D:4)
  5 orcs
  3 bats
  8 endoplasms
  3 giant cockroaches
  7 hobgoblins
  7 jackals
  6 kobolds
  5 quokkas
  8 ball pythons
  2 frilled lizards
  4 goblins
  3 rats
92 creatures vanquished.

Notes
Turn   | Place    | Note
-------+----------+-------------------------------------------
     0 | D:1      | hbarley the Hill Orc Fighter began the quest for the Orb.
     0 | D:1      | Reached XP level 1. HP: 19/19 MP: 1/1
   101 | D:1      | Reached XP level 2. HP: 27/27 MP: 2/2
   796 | D:1      | Reached XP level 3. HP: 33/33 MP: 3/3
  1044 | D:2      | Found Doddoiw's Magic Scroll Shoppe.
  1052 | D:2      | Bought a scroll of identify for 28 gold pieces
  1141 | D:2      | Noticed a necrophage
  1147 | D:2      | Killed a necrophage
  1148 | D:2      | Reached skill level 3 in Axes
  1148 | D:2      | Reached XP level 4. HP: 37/41 MP: 4/4
  1238 | D:2      | Reached skill level 4 in Axes
  1347 | D:2      | Reached XP level 5. HP: 36/47 MP: 5/5
  1674 | D:2      | Identified 4 scrolls of acquirement
  1675 | D:2      | Acquired the ring "Buti" {rCorr Str+2}
  1678 | D:2      | Acquired the +3 buckler of Jumaic {Str+2 Dex+2}
  1690 | D:2      | Acquired the +0 cloak of Discretion {rElec rCorr Str+2}
  1697 | D:2      | Acquired the ring "Egynn" {rPois rF+ rC+ rCorr SInv}
  1744 | D:3      | Reached skill level 5 in Axes
  1876 | D:3      | Identified the +3 short sword of the Manifold Quests
                  | {flame, rElec Int+5}
  1992 | D:3      | Reached XP level 6. HP: 37/53 MP: 6/6
  2134 | D:3      | Found an iron altar of Okawaru.
  2275 | D:3      | Found a faded altar of an unknown god.
  2452 | D:3      | Identified the +2 robe of Binutifa {rPois Dex+5}
  2745 | D:4      | Reached skill level 6 in Axes
  3011 | D:4      | Found a runed translucent door.
  3012 | D:4      | Found a staircase to the Ecumenical Temple.
  3021 | Temple   | Entered the Ecumenical Temple
  3096 | Temple   | Became a worshipper of Uskayaw the Reveller
  3144 | D:4      | Noticed drewk1942's ghost (amateur GnWn)
  3175 | D:4      | Reached * piety under Uskayaw
  3176 | D:4      | Reached skill level 5 in Fighting
  3215 | D:4      | Reached ** piety under Uskayaw
  3216 | D:4      | Reached XP level 7. HP: 60/61 MP: 7/7
  3288 | D:4      | Noticed Blork the orc
  3296 | D:4      | Killed Blork the orc
  3436 | D:4      | Reached skill level 7 in Axes
  3436 | D:4      | Reached skill level 1 in Dodging
  3436 | D:4      | Reached skill level 1 in Invocations
  3772 | D:5      | Entered Level 5 of the Dungeon
  3773 | D:5      | Noticed a two-headed ogre
  3784 | D:5      | Reached *** piety under Uskayaw
  3785 | D:5      | Mangled by a two-headed ogre

Illustrated notes

Levels and vault maps discovered:
D:1:      dpeg_arrival_boxes_within_box, layout_basic
D:2:      layout_loops_ring, serial_shops, shop, nicolae_kite_square_tiling_tiny
D:3:      layout_rooms, okawaru_metal_pillars_3, ebering_ecumenical_altar_rust
D:4:      layout_basic, minmay_temple_entry_overgrown, ebering_ghost_sewer_d,
          minmay_manual_monstrance, uniq_blork_the_orc
D:5:      layout_basic, uniq_duvessa
Temple:   oiseaux_autumnal_temple

Skill      XL: |  1  2  3  4  5  6  7 |
---------------+----------------------+-----
Fighting       | 4 5 |  5.5
Axes           | 3 4 5 6 7 |  7.1
Armour         | 4 |  4.6
Shields        | 4 |  4.7
Dodging        | 1 |  1.0
Invocations    | 2 |  2.0

Action                     |  1- 3 |  4- 6 |  7- 9 || total
---------------------------+-------+-------+-------++-------
  Melee: War axe           |    48 |   142 |    40 ||   230
  Throw: Dart              |       |       |     1 ||     1
         Throwing net      |       |       |     1 ||     1
    Use: Scroll            |       |     5 |       ||     5
   Stab: Paralysed         |       |       |     2 ||     2
 Armour: Scale mail        |    22 |    55 |    18 ||    95
  Dodge: Dodged            |    17 |    82 |    20 ||   119
  Block: Buckler           |    11 |    78 |    18 ||   107

Table legend: (Time is in decaauts)
 A = Elapsed time spent in this place.
 B = Non-inter-level travel time spent in this place.
 C = Inter-level travel time spent in this place.
 D = Time resting spent in this place.
 E = Time spent auto-exploring this place.
 F = Levels seen in this place.
 G = Mean time per level.
                   A        B        C        D        E       F      G
               +--------+--------+--------+--------+--------+-----+--------+
         Total |   3846 |   3559 |    287 |      0 |   2914 |   6 |  641.0 |
       Dungeon |   3741 |   3488 |    253 |      0 |   2852 |   5 |  748.2 |
        Temple |    104 |     70 |     34 |      0 |     62 |   1 |  104.0 |
               +--------+--------+--------+--------+--------+-----+--------+

Top non-repeatable levels by time:
     D:4: 1180 daAuts
     D:1: 974 daAuts
     D:2: 787 daAuts
     D:3: 784 daAuts
  Temple: 104 daAuts
     D:5: 13 daAuts
